 Dungeon Crawl Stone Soup version 0.24-a0-181-gd121a6d (webtiles) character file.

Game seed: 12061014910418036902

69 galech the Skirmisher (level 4, 33/35 HPs)
             Began as a Demonspawn Fighter on Mar 14, 2019.
             Quit the game on level 3 of the Dungeon.
             The game lasted 00:01:40 (1977 turns).

galech the Skirmisher (Demonspawn Fighter)          Turns: 1977, Time: 00:01:41

Health: 33/35      AC:  6    Str: 17    XL:     4   Next: 2%
Magic:  4/4        EV:  7    Int:  9    God:
Gold:   82         SH:  9    Dex: 15    Spells: 3/3 levels left

rFire    . . .     SeeInvis .   a - +0 war axe
rCold    . . .     Gourm    .   c - +0 shield
rNeg     . . .     Faith    .   b - +0 scale mail
rPois    .         Spirit   .   (helmet restricted)
rElec    .         Reflect  .   (no cloak)
rCorr    .         Harm     .   (no gloves)
MR       .....                  (no boots)
Stlth    ++........             (no amulet)
HPRegen  0.11/turn              g - ring of stealth
MPRegen  0.09/turn              (no ring)

@: no status effects
A: antennae 1, thin skeletal structure 1
a: no special abilities


You were on level 3 of the Dungeon.
You were hungry.

You visited 1 branch of the dungeon, and saw 3 of its levels.

You collected 82 gold pieces.

Inventory:

Hand Weapons
 a - a +0 war axe (weapon)
Armour
 b - a +0 scale mail (worn)
 c - a +0 shield (worn)
Jewellery
 g - a ring of stealth (left hand)
Wands
 p - a wand of digging (7)
Scrolls
 h - a scroll of fear {unknown}
 i - 2 scrolls of identify {unknown}
 j - a scroll of remove curse {unknown}
 n - a scroll of magic mapping {unknown}
Potions
 d - 3 potions of might
 e - a potion of lignification {unknown}
 l - a potion of flight {unknown}
 m - 2 potions of brilliance {unknown}
 o - a potion of magic {unknown}
 q - a potion of resistance {unknown}
Comestibles
 f - 7 rations


   Skills:
 + Level 3.5 Fighting
 + Level 2.8 Axes
 + Level 3.0 Armour
 + Level 0.2 Dodging
 + Level 3.1 Shields


You had 3 spell levels left.
You didn't know any spells.
Your spell library was empty.

Dungeon Overview and Level Annotations

Branches:
Dungeon (3/15)

Altars:
Ru
Sif Muna
Trog


Innate Abilities, Weirdness & Mutations

You have a pair of small antennae on your head.
You have a somewhat thin skeletal structure. (Dex +2, Stealth)


Message History

The bat closely misses you.
You hit the bat.
You kill the bat!
No target in view!
No target in view!
No target in view!
No target in view!
No target in view!
No target in view!
No target in view!
No target in view!
No target in view!
No target in view!
No target in view!
No target in view!
No target in view!
No target in view!
No target in view!
No target in view!
Are you sure you want to abandon this character and quit the game? (Confirm with "yes".)

.#.... #####......
#..........
#........ #.......
#.....# #.....# #
########..@..#.###
........†........
.....##.....##.##
..##.##....##
#<......#
##......# #......#
###....# .....#


There were no monsters in sight!

Vanquished Creatures
  An ooze (D:1)
  2 worms (D:2)
  2 dart slugs (D:1)
  3 leopard geckos
  2 ball pythons
  7 bats
  3 giant cockroaches (D:1)
  5 hobgoblins
  A jackal (D:3)
  5 kobolds
  3 quokkas (D:2)
  2 frilled lizards
  7 goblins
  4 rats
47 creatures vanquished.

Notes
Turn   | Place    | Note
-------+----------+-------------------------------------------
     0 | D:1      | galech the Demonspawn Fighter began the quest for the Orb.
     0 | D:1      | Reached XP level 1. HP: 18/18 MP: 1/1
    78 | D:1      | Gained mutation: You have a pair of small antennae on your
                  | head. [demonic ancestry]
    78 | D:1      | Reached XP level 2. HP: 21/24 MP: 2/2
   512 | D:1      | Reached XP level 3. HP: 20/29 MP: 3/3
  1058 | D:2      | Found a deep blue altar of Sif Muna.
  1218 | D:2      | Found a bloodstained altar of Trog.
  1514 | D:2      | Found a sacrificial altar of Ru.
  1966 | D:3      | Gained mutation: You have a somewhat thin skeletal
                  | structure. (Dex +2, Stealth) [demonic ancestry]
  1966 | D:3      | Reached XP level 4. HP: 31/35 MP: 4/4
  1977 | D:3      | Quit the game

Levels and vault maps discovered:
D:1:      wander_arrival_peaceful_grave, layout_loops_cross, serial_glass,
          glass_columns_b, glass_columns_a
D:2:      layout_basic, lemuel_doored_altar, lemuel_crystal_altar,
          nicolae_overflow_crystal_walls, first_ration
D:3:      layout_basic, chequers_ecumenical_altar_lobes, minmay_cupped

Skill      XL: |  1  2  3 |
---------------+----------+-----
Axes           | 2 |  2.8
Shields        | 3 |  3.1
Armour         | 3 |  3.0
Fighting       | |  3.5
Dodging        | |  0.2

Action                   |  1- 3 |  4- 6 || total
-------------------------+-------+-------++-------
Melee: War axe           |   165 |     5 ||   170
  Eat: Chunk             |     3 |       ||     3
Armor: Scale mail        |    89 |     7 ||    96
Dodge: Dodged            |    52 |     2 ||    54
Block: Shield            |    95 |     5 ||   100

Table legend:
 A = Non-vault XP
 B = Vault XP
 C = Vault XP percentage of total XP
 D = Non-vault monster count
 E = Vault monster count
 F = Vault count percentage of total count
                 A         B        C        D         E       F
            +---------+---------+-------+---------+---------+-------
      Total |      99 |       0 |   0.0 |      47 |       0 |   0.0
            +---------+---------+-------+---------+---------+-------
        D:1 |      45 |       0 |   0.0 |      21 |       0 |   0.0
        D:2 |      48 |       0 |   0.0 |      23 |       0 |   0.0
        D:3 |       6 |       0 |   0.0 |       3 |       0 |   0.0
            +---------+---------+-------+---------+---------+-------
